 Dungeon Crawl Stone Soup version 0.28.0-45-g0d030f2227 (webtiles) character file.

Game seed: 6859867689366657833

61838 Nydiazath the Warrior (level 14, -11/138 HPs)
             Began as a Green Draconian Berserker on May 30, 2022.
             Was a High Priest of Trog.
             Killed from afar by a storm dragon (27 damage)
             ... with a bolt of lightning
             ... on level 11 of the Dungeon.
             The game lasted 00:38:38 (19908 turns).

Nydiazath the Warrior (Green Draconian Berserker)  Turns: 19908, Time: 00:38:39

Health: -11/138    AC: 15    Str: 24    XL:     14   Next: 62%
Magic:  4/4        EV: 21    Int: 12    God:    Trog [*****.]
Gold:   384        SH:  0    Dex: 11    Spells: 13/13 levels left

rFire   . . .      SeeInvis .   c - +10 trident of Perfectionism {antimagic, Int+4}
rCold   + . .      Faith    .   v - orb {light}
rNeg    . . .      Spirit   .   (armour unavailable)
rPois   +          Reflect  .   w - +2 hat
rElec   .          Harm     .   C - +2 cloak {Will+}
rCorr   .          Rampage  .   p - +0 pair of gloves
Will    ++++.                   q - +0 pair of boots
Stlth   +.........              (no amulet)
HPRegen 1.33/turn               o - +4 ring of evasion
MPRegen 0.09/turn               n - ring of protection from cold

@: strong-willed, on berserk cooldown, regenerating, slowed, glowing, studying
Polearms, very slow
A: breathe noxious fumes, AC +8, unfitting armour, stinger 1, poison resistance,
cold-blooded
a: Breathe Noxious Fumes, Renounce Religion, Berserk, Trog's Hand, Brothers in
Arms


You were on level 11 of the Dungeon.
You worshipped Trog.
Trog was extremely pleased with you.
You visited 2 branches of the dungeon, and saw 17 of its levels.

You collected 1236 gold pieces.
You spent 852 gold pieces at shops.

Inventory:

Hand Weapons
 c - the +10 trident of Perfectionism (weapon) {antimagic, Int+4}
   (You found it on level 10 of the Dungeon)

   It reduces the magical energy of the wielder, and disrupts the spells and
   magical abilities of those it strikes.
   Natural abilities and divine invocations are not affected.
   Int:       It affects your intelligence (+4).
 R - a +5 antimagic halberd
Missiles
 e - 4 throwing nets (quivered)
Armour
 p - a +0 pair of gloves (worn)
 q - a +0 pair of boots (worn)
 v - an orb of light (worn)
 w - a +2 hat (worn)
 C - a +2 cloak of willpower (worn)
 Q - a +1 hat of stealth
Jewellery
 n - a ring of protection from cold (right hand)
 o - a +4 ring of evasion (left hand)
 I - a +6 ring of intelligence
 T - an amulet of magic regeneration
Wands
 a - a wand of charming (14)
 m - a wand of paralysis (6)
 s - a wand of iceblast (9)
 x - a wand of flame (26)
 y - a wand of polymorph (15)
 D - a wand of acid (6)
 O - a wand of mindburst (6)
 V - a wand of digging (2)
Scrolls
 b - 5 scrolls of amnesia
 f - 4 scrolls of immolation
 g - 2 scrolls of enchant armour
 h - a scroll of brand weapon {unknown}
 A - a scroll of holy word {unknown}
 E - a scroll of silence {unknown}
 G - 3 scrolls of fog
 H - a scroll of noise {unknown}
 J - a scroll of blinking {unknown}
 L - 3 scrolls of teleportation
 P - 3 scrolls of enchant weapon {unknown}
 U - 2 scrolls of summoning {unknown}
Potions
 d - 9 potions of curing
 i - 3 potions of berserk rage
 j - 2 potions of cancellation
 k - 4 potions of mutation
 l - a potion of flight
 t - 4 potions of heal wounds
 u - 2 potions of attraction
 z - a potion of ambrosia
 B - 2 potions of degeneration
 F - 2 potions of might
 K - 2 potions of resistance
 M - 2 potions of brilliance
 N - a potion of invisibility
 S - a potion of magic
Miscellaneous
 r - a phantom mirror


   Skills:
 + Level 16.7 Fighting
 + Level 16.7 Polearms
 + Level 14.2 Dodging


You had 13 spell levels left.
You didn't know any spells.
Your spell library was empty.

Dungeon Overview and Level Annotations

Branches:
Dungeon (11/15)            Temple (0/1) D:6            Lair (6/6) D:8
 Shoals (0/4) Lair:3       Spider (0/4) Lair:2        Slime (0/5) Lair:5
    Orc: D:9-12

Altars:
Dithmenos
Gozag
Jiyva

Shops:
D:1 *   D:2 [   D:9 :   D:10 ?


Innate Abilities, Weirdness & Mutations

You can breathe blasts of noxious fumes.
Your lurid green scales are hard. (AC +8)
You cannot fit into any form of body armour.
Your tail ends in a venomous barb.
Your system is resistant to poisons. (rPois)
You are cold-blooded and may be slowed by cold attacks.


Message History

4 large rocks; a +0 mace Your skin crawls.
You feel strong-willed.
A red film seems to cover your vision as you go berserk!
You feel yourself moving faster!
You feel mighty!
The deep elf annihilator casts a spell.
The deep elf annihilator blinks!
You feel a strong urge to attack something.
Things that are here:
a +0 short sword; a +0 hand axe The deep elf annihilator gestures wildly while chanting.
The deep elf annihilator blinks!
You feel your anger nearly subside.
You are no longer berserk.
You are exhausted.
You feel yourself slow down.
The deep elf annihilator gestures at you while chanting.
The crystal spear hits you!!
* * * LOW HITPOINT WARNING * * *
The deep elf annihilator closely misses you.
The tengu reaver points at you and mumbles some strange words.
The bolt of lightning misses you.
The tengu reaver gestures at you while chanting.
The bolt of poison hits you! You resist.
* * * LOW HITPOINT WARNING * * *
The deep elf annihilator hits you but does no damage.
The storm dragon breathes lightning at you.
The bolt of lightning hits the storm dragon.
The storm dragon completely resists.
The bolt of lightning hits you!
* * * LOW HITPOINT WARNING * * *
The tengu reaver gestures at you while chanting.
The bolt of acid misses you.
You feel much better.
The storm dragon breathes lightning at you.
The bolt of lightning hits you!!
* * * LOW HITPOINT WARNING * * *
The storm dragon breathes lightning at you.
The bolt of lightning hits the storm dragon.
The storm dragon completely resists.
The bolt of lightning hits you!!
You die...

####### ###### ##.....## .....#
##.......## ##...# #.........#
#...# #.........# ##..#
#.<.......# ###### #..#
#...@.....# ##..... #..#
#...e.(Q..# #..#### ###^.####
#.....TD..# #..#≈≈≈
........#####........D#####..####
###.#.#...............C..)(C..# #
#.#.#######.........#####...#
#.#.#####...........# ###...##
###[#.##....##.......####..#.#.#
##[......#####......###.......##


You could see 2 storm dragons, a tengu reaver, a deep elf annihilator, an ettin
and a deep troll earth mage.

Vanquished Creatures
  Gastronok (Lair:2)
  Nessos (Lair:4)
  10 hydras
  2 boulder beetles
  2 two-headed ogres
  A death yak (Lair:5)
  Urug (Lair:4)
  Sonja (Lair:2)
  3 skeletal warriors (D:11)
  The ghost of diceflayer the Cleaver, a novice MiFi (D:7)
  Pikel (D:7)
  A necromancer (Lair:3)
  A manticore (D:11)
  3 cyclopes
  13 elephants
  7 black mambas
  Maggie (D:6)
  6 cane toads
  2 torpor snails
  7 rime drakes
  16 komodo dragons
  3 burning bushes (Lair:2)
  8 polar bears
  Grinder (D:5)
  7 hornets
  Prince Ribbit (D:6)
  9 blink frogs
  The ghost of SHADDY the Changer, an amateur OpTm (D:3)
  A dream sheep (Lair:5)
  A vampire (D:9)
  13 spriggans (Lair:6)
  55 yaks
  9 wyverns
  6 basilisks
  A wraith (D:11)
  Eustachio (D:6)
  6 vampire mosquitoes (D:11)
  Edmund (D:6)
  3 steam dragons
  2 acid dragons
  22 water moccasins
  8 black bears
  An ice beast (D:6)
  2 orc warriors
  A sky beast (D:6)
  25 wolves
  8 boggarts (Lair:6)
  An ogre (D:5)
  2 centaurs
  A lemure (D:7)
  A phantom (D:5)
  2 kobold brigands
  14 bullfrogs
  4 scorpions
  A water moccasin zombie (D:6)
  10 killer bees (D:8)
  10 wights
  3 howler monkeys
  8 centaur zombies
  6 hounds
  2 jellies (D:7)
  An orc priest (D:11)
  Crazy Yiuf (D:6)
  2 centaur skeletons (D:7)
  A gnoll shaman (D:9)
  4 iguanas
  6 orc wizards
  A polar bear simulacrum (Lair:3)
  5 yak simulacra (Lair:3)
  2 wolf simulacra (Lair:3)
  A hound zombie (D:5)
  2 hound skeletons (D:4)
  2 howler monkey zombies
  5 gnolls (D:9)
  6 adders
  2 white imps (D:7)
  An ufetubus (D:4)
  2 worms
  21 orcs
  6 ball pythons
  4 bats (D:1)
  8 endoplasms
  4 giant cockroaches
  4 hobgoblins
  2 jackals (D:4)
  13 kobolds
  3 quokkas
  6 goblins
  5 rats
  3 river rat simulacra (Lair:3)
465 creatures vanquished.

Vanquished Creatures (others)
  26 fungi
  92 plants
118 creatures vanquished.

Grand Total: 583 creatures vanquished

Notes
Turn   | Place    | Note
-------+----------+-------------------------------------------
     0 | D:1      | Nydiazath the Draconian Berserker began the quest for the
                  | Orb.
     0 | D:1      | Reached XP level 1. HP: 19/19 MP: 1/1
   150 | D:1      | Reached XP level 2. HP: 26/26 MP: 2/2
   657 | D:1      | Found Ajiuqoh's Assorted Antiques.
   666 | D:1      | Found a faded altar of an unknown god.
   714 | D:2      | Reached XP level 3. HP: 26/33 MP: 3/3
   831 | D:2      | Reached ** piety under Trog
  1122 | D:2      | Found Haxotece's Armour Shoppe.
  1760 | D:3      | Found a large runed translucent door.
  1760 | D:3      | Found a large runed translucent door.
  1762 | D:3      | Noticed SHADDY's ghost (amateur OpTm)
  1794 | D:3      | Killed SHADDY's ghost
  1795 | D:3      | Reached XP level 4. HP: 41/41 MP: 4/4
  1795 | D:3      | Reached XP level 5. HP: 47/47 MP: 5/5
  2184 | D:4      | Reached skill level 5 in Fighting
  2221 | D:4      | Reached XP level 6. HP: 41/56 MP: 6/6
  2573 | D:4      | Reached skill level 5 in Polearms
  2586 | D:4      | Found an opulent altar of Gozag.
  3193 | D:5      | Entered Level 5 of the Dungeon
  3226 | D:5      | Your scales start taking on a lurid green colour.
  3226 | D:5      | Reached XP level 7. HP: 62/62 MP: 7/7
  3226 | D:5      | Gained mutation: Your system is resistant to poisons.
                  | (rPois) [Green Draconian growth]
  3339 | D:5      | Reached skill level 5 in Dodging
  3348 | D:5      | Noticed Grinder
  3388 | D:5      | Killed Grinder
  3451 | D:5      | Reached XP level 8. HP: 40/71 MP: 8/8
  4492 | D:6      | Noticed Eustachio
  4498 | D:6      | Killed Eustachio
  4818 | D:6      | Noticed Edmund
  4828 | D:6      | Killed Edmund
  5049 | D:6      | Noticed Maggie
  5057 | D:6      | Killed Maggie
  5058 | D:6      | Reached XP level 9. HP: 82/82 MP: 9/9
  5167 | D:6      | Noticed Prince Ribbit
  5190 | D:6      | Killed Prince Ribbit
  5419 | D:6      | Found a staircase to the Ecumenical Temple.
  5451 | D:6      | Found a runed translucent door.
  5452 | D:6      | Noticed Crazy Yiuf
  5529 | D:6      | Killed Crazy Yiuf
  5757 | D:7      | Found a transporter.
  5761 | D:7      | Noticed diceflayer's ghost (novice MiFi)
  5767 | D:7      | You fall into a shaft and drop 3 floors!
  5767 | D:10     | Entered Level 10 of the Dungeon
  6015 | D:10     | Identified the +10 trident of Perfectionism {antimagic,
                  | Int+4}
  6240 | D:10     | Noticed a cyclops
  6250 | D:10     | Killed a cyclops
  6251 | D:10     | Reached XP level 10. HP: 93/93 MP: 3/10
  6429 | D:10     | Found Roleicliph's Magic Scroll Boutique.
  6437 | D:10     | Bought 2 scrolls of fog for 52 gold pieces
  6578 | D:9      | Found a shadowy altar of Dithmenos.
  6578 | D:9      | Found Kutid's Self-Improvement Boutique.
  6586 | D:9      | Noticed a two-headed ogre
  6596 | D:9      | Killed a two-headed ogre
  6597 | D:9      | Reached skill level 10 in Fighting
  6733 | D:9      | Reached *** piety under Trog
  6898 | D:9      | Reached skill level 10 in Polearms
  7184 | D:9      | Reached XP level 11. HP: 82/102 MP: 3/11
  7693 | D:8      | Found a staircase to the Lair.
  8032 | D:8      | Reached **** piety under Trog
  8300 | D:8      | Reached skill level 10 in Dodging
  9004 | D:7      | Noticed Pikel
  9013 | D:7      | Killed Pikel
  9155 | D:7      | Found a transporter.
  9601 | D:7      | Killed diceflayer's ghost
  9788 | Lair:1   | Entered Level 1 of the Lair of Beasts
  9888 | Lair:1   | Noticed a seven-headed hydra
  9897 | Lair:1   | Killed a seven-headed hydra
 10366 | Lair:1   | Noticed a seven-headed hydra
 10372 | Lair:1   | Killed a seven-headed hydra
 10373 | Lair:1   | Reached XP level 12. HP: 113/113 MP: 4/12
 10924 | Lair:2   | Noticed Sonja
 10953 | Lair:2   | Killed Sonja
 11585 | Lair:2   | Found a hole to the Spider Nest.
 11654 | Lair:2   | Noticed Gastronok
 11668 | Lair:2   | Killed Gastronok
 12242 | Lair:3   | Reached ***** piety under Trog
 12245 | Lair:3   | Noticed a boulder beetle
 12247 | Lair:3   | Found a staircase to the Shoals.
 12254 | Lair:3   | Killed a boulder beetle
 12328 | Lair:3   | Noticed a four-headed hydra
 12339 | Lair:3   | Killed a four-headed hydra
 12340 | Lair:3   | Noticed an eight-headed hydra
 12350 | Lair:3   | Killed an eight-headed hydra
 12485 | Lair:3   | Noticed a six-headed hydra
 12497 | Lair:3   | Killed a six-headed hydra
 13181 | Lair:4   | Reached XP level 13. HP: 122/124 MP: 4/13
 13280 | Lair:4   | Noticed Nessos
 13289 | Lair:4   | Killed Nessos
 13851 | Lair:4   | Noticed Urug
 13867 | Lair:4   | Killed Urug
 14142 | Lair:4   | Received a gift from Trog
 14282 | Lair:4   | Reached skill level 15 in Fighting
 15163 | D:9      | Bought a manual of Polearms for 800 gold pieces
 15988 | Lair:5   | Found a viscous altar of Jiyva.
 15988 | Lair:5   | Found a staircase to the Slime Pits.
 16191 | Lair:5   | Reached skill level 15 in Polearms
 16830 | Lair:6   | Entered Level 6 of the Lair of Beasts
 16845 | Lair:6   | Gained mutation: Your tail ends in a venomous barb. [Green
                  | Draconian growth]
 16845 | Lair:6   | Reached XP level 14. HP: 117/136 MP: 4/14
 17468 | Lair:6   | Received a gift from Trog
 19105 | D:11     | Found the +5 robe of Night {Dark Will+ SInv}
 19106 | D:11     | Found a runed translucent door.
 19109 | D:11     | Noticed a tengu reaver
 19109 | D:11     | Noticed a storm dragon
 19109 | D:11     | Noticed a storm dragon
 19908 | D:11     | Killed from afar by a storm dragon

Illustrated notes

Levels and vault maps discovered:
D:1:      minmay_arrival_stair_chambers, layout_rooms, basic_ecumenical_altar,
          serial_shops, shop_fountains, minmay_misc_feat_secret_circle,
          nicolae_wormholes
D:2:      layout_basic, serial_shops, shop
D:3:      layout_rooms, ebering_ghost_disaster_area, roderic_cross_of_infinity,
          lightli_corner_chamber
D:4:      layout_cave_pods, minmay_ruined_shrine
D:5:      layout_loops_ring, chequers_serial_rivers_micro_e, uniq_grinder
D:6:      layout_basic, minmay_temple_entry_overgrown, uniq_prince_ribbit1,
          uniq_edmund, uniq_eustachio, uniq_crazy_yiuf_cottage, uniq_maggie
D:7:      layout_basic, nzn_ghost_randoct, uniq_pikel
D:8:      layout_basic, minmay_lair_entry_grove
D:9:      layout_roguey, overflow_temple_1_default, nrook_loot_triangle,
          minmay_misc_feat_tower, chequers_serial_rivers_micro_d,
          nicolae_shop_self_help
D:10:     layout_cave_pools, serial_shops, nicolae_shop_crystal
D:11:     minmay_gate_of_8, layout_rooms, serial_rivers,
          chequers_serial_rivers_micro_c, chequers_serial_rivers_small_3,
          chequers_serial_rivers_micro_a, chequers_serial_rivers_micro_c,
          chequers_serial_rivers_micro_e, chequers_serial_rivers_micro_a
Lair:1:   layout_loops_ring, serial_bayou_pond_b
Lair:2:   layout_regular_city, spider_nest_entry_web_field, evilmike_ambush
          [evilmike_ambush_outer_basic, evilmike_ambush_inner_basic],
          uniq_sonja, uniq_gastronok
Lair:3:   layout_chaotic_city, elwin_shoals_entry_rocks, eino_house_with_fridge,
          grunt_megastairs_4
Lair:4:   layout_regular_city, uniq_urug, uniq_nessos
Lair:5:   nzn_winding_woodlands_cross [nzn_winding_woodlands_5x15_garden,
          nzn_winding_woodlands_5x15_cabin, nzn_winding_woodlands_5x15_pockets,
          nzn_winding_woodlands_5x15_parted,
          nzn_winding_woodlands_15x15_five_gardens], layout_cave_shapes,
          slime_altar_1
Lair:6:   minmay_lair_end_enchanted_forest, layout_hall_layers, serial_forest,
          infiniplex_forest_clump_small, infiniplex_forest_pool,
          infiniplex_forest_clump_long, infiniplex_forest_zigzag_1,
          infiniplex_forest_clump_long, infiniplex_forest_straight_2,
          minivault_27, serial_bayou_pond_b, kilobyte_rumbling_trees

Skill      XL: |  1  2  3  4  5  6  7  8  9 10 11 12 13 14 |
---------------+-------------------------------------------+-----
Dodging        | 3 4 5 6 8 9 10 12 13 14 | 14.2
Fighting       | 4 5 6 8 9 11 12 14 15 16 | 16.7
Polearms       | 4 5 6 7 9 10 11 13 15 16 | 16.7

Action                   |  1- 3 |  4- 6 |  7- 9 | 10-12 | 13-15 || total
-------------------------+-------+-------+-------+-------+-------++-------
Melee: Spear             |   148 |   106 |   261 |       |       ||   515
       Tailslap          |    11 |     8 |    62 |    92 |   151 ||   324
       Punch             |     1 |     1 |       |       |       ||     2
       Trident           |       |       |     9 |   554 |   753 ||  1316
Invok: Berserk           |     1 |     3 |    11 |    13 |     8 ||    36
       Trog's Hand       |       |       |       |     1 |     3 ||     4
 Abil: Breathe Noxious F |       |       |       |     1 |       ||     1
  Use: Scroll            |     1 |     5 |     2 |    10 |     4 ||    22
       Potion            |       |       |     1 |       |     1 ||     2
 Stab: Sleeping          |     2 |     1 |       |       |       ||     3
Armor: Skin              |    27 |    20 |    68 |   100 |   157 ||   372
Dodge: Dodged            |    52 |    69 |   188 |   348 |   526 ||  1183
